 Dungeon Crawl Stone Soup version 0.26.1-11-gd32895ea62 (webtiles) character file.

Game seed: 3805619142000220501

45 vvl the Conjurer (level 3, -5/28 HPs)
             Began as a Draconian Conjurer on July 9, 2021.
             Slain by an orc priest
             ... wielding a +0 mace
              (9 damage)
             ... on level 2 of the Dungeon.
             The game lasted 00:03:20 (2576 turns).

vvl the Conjurer (Draconian Conjurer)               Turns: 2576, Time: 00:03:22

Health: -5/28      AC:  6    Str: 10    XL:     3   Next: 42%
Magic:  0/6        EV: 12    Int: 18    God:
Gold:   82         SH:  0    Dex:  9    Spells: 6/7 levels left

rFire    . . .     SeeInvis .   d - +0 short sword
rCold    . . .     Faith    .   (no shield)
rNeg     . . .     Spirit   .   (armour unavailable)
rPois    .         Reflect  .   (helmet restricted)
rElec    .         Harm     .   a - +0 cloak
rCorr    .         Rampage  .   (no gloves)
Will     .....                  (no boots)
Stlth    ++........             (no amulet)
HPRegen  0.09/turn              (no ring)
MPRegen  0.10/turn              (no ring)

@: no status effects
A: unfitting armour, cold-blooded, AC +5
a: no special abilities


You were on level 2 of the Dungeon.
You visited 1 branch of the dungeon, and saw 2 of its levels.

You collected 82 gold pieces.

Inventory:

Hand Weapons
 d - a +0 short sword (weapon)
Missiles
 i - 5 silver javelins
Armour
 a - a +0 cloak (worn)
Wands
 o - a wand of random effects (13)
Scrolls
 b - a scroll of magic mapping {unknown}
 c - 2 scrolls of identify {unknown}
 g - a scroll of blinking {unknown}
 l - a scroll of enchant weapon {unknown}
Potions
 e - 2 potions of mutation {unknown}
 f - a potion of cancellation {unknown}
 h - a potion of heal wounds {unknown}
 j - a potion of flight {unknown}
 k - a potion of ambrosia {unknown}
 m - a potion of brilliance {unknown}
 n - a potion of haste {unknown}
 p - a potion of might {unknown}


   Skills:
 + Level 1.3 Fighting
 - Level 2.0 Dodging
 - Level 2.0 Stealth
 + Level 2.5 Spellcasting
 + Level 4.4 Conjurations


You had 6 spell levels left.
You knew the following spells:

 Your Spells              Type           Power        Failure   Level
a - Magic Dart            Conj           72%          2%          1

Your spell library contained the following spells:

 Spells                   Type           Power        Failure   Level
 Searing Ray              Conj           36%          4%          2
 Dazzling Flash           Conj/Hex       20%          21%         3
 Fulminant Prism          Conj/Hex       5%           56%         4
 Iskenderun's Mystic Bla  Conj/Tloc      10%          56%         4


Dungeon Overview and Level Annotations

Branches:
Dungeon (2/15)

Altars:
Ashenzari
Yredelemnul


Innate Abilities, Weirdness & Mutations

Your plain brown scales are hard. (AC +5)
You cannot fit into any form of body armour.
You are cold-blooded and may be slowed by cold attacks.


Message History

Casting: Magic Dart (safe; 2% risk of failure)
Confirm with . or Enter, or press ? or * to list all spells.
Aiming: Magic Dart (safe; 2% risk of failure)
Press: ? - help, Shift-Dir - straight line, f/p - orc priest
Aim: an orc priest, wielding a +0 mace (heavily wounded, 0% to evade)
The magic dart hits the orc priest.
The orc priest is severely wounded.
The orc priest hits you but does no damage.
You closely miss the orc priest.
The orc priest is severely wounded.
The orc priest barely misses you.
Casting: Magic Dart (safe; 2% risk of failure)
Confirm with . or Enter, or press ? or * to list all spells.
Aiming: Magic Dart (safe; 2% risk of failure)
Press: ? - help, Shift-Dir - straight line, f/p - orc priest
Aim: an orc priest, wielding a +0 mace (severely wounded, 0% to evade)
The magic dart hits the orc priest but does no damage.
The orc priest is severely wounded.
The orc priest hits you with a +0 mace!
You die...

.....# #.#
.....###.###
...........#
.......###.######
.##.#...........#
.##<##.###.####.#
###.##.# #.####.####
.##.##.# #.........##
....##.########o@#..#
.####.........).....#
## #$....#########..#
# ##...###.........#
# ##..##..........# #
#..#$..........# #
#.o#⌠.....)....# ###
#..#$..........# ..##
#.o##......o..#


You could see an orc priest.

Vanquished Creatures
  An adder (D:2)
  An ooze (D:1)
  A dart slug (D:2)
  2 leopard geckos (D:2)
  4 orcs (D:2)
  A giant cockroach (D:1)
  2 gnoll zombies (D:2)
  3 goblins
  A bat (D:1)
  5 frilled lizards
  2 kobolds
  4 rats
27 creatures vanquished.

Notes
Turn   | Place    | Note
-------+----------+-------------------------------------------
     0 | D:1      | vvl the Draconian Conjurer began the quest for the Orb.
     0 | D:1      | Reached XP level 1. HP: 14/14 MP: 3/3
   639 | D:1      | Reached XP level 2. HP: 20/20 MP: 0/5
  1371 | D:2      | Found a broken altar of Ashenzari.
  1432 | D:2      | Reached skill level 1 in Fighting
  1432 | D:2      | Reached XP level 3. HP: 28/28 MP: 1/6
  1820 | D:2      | Found a basalt altar of Yredelemnul.
  2576 | D:2      | Slain by an orc priest

Illustrated notes

Levels and vault maps discovered:
D:1:      dpeg_arrival_central, layout_basic, corexii_item_surrounded_by_moat,
          minivault_24
D:2:      cheibrodos_pilgrimage, layout_loops_ring,
          lemuel_zombie_altar_yredelemnul, evilmike_ruin_ashenzari

Skill      XL: |  1  2 |
---------------+-------+-----
Dodging        | 2 |  2.0
Stealth        | 2 |  2.0
Fighting       | 1 |  1.3
Spellcasting   | |  2.5
Conjurations   | |  4.4

Action                   || total
-------------------------++-------
Melee: Unarmed           ||     3
       Short sword       ||    23
       Tailslap          ||     1
 Cast: Magic Dart        ||    62
Armor: Skin              ||    14
Dodge: Dodged            ||    22
